 Dungeon Crawl Stone Soup version 0.31-a0-360-gb3e1d13 (webtiles) character file.

Game seed: 15715498494890713431

574735 BoldKobold the Conqueror (level 24, -15/249 HPs)
             Began as a Minotaur Fighter on July 26, 2023.
             Was an Initiate of Gozag.
             Demolished by a royal mummy (20 damage)
             ... on level 1 of the Tomb of the Ancients.
             The game lasted 02:20:30 (55628 turns).

BoldKobold the Conqueror (Minotaur Fighter)        Turns: 55628, Time: 02:20:31

Health: -15/249    AC: 50    Str: 32 (35) XL:     24   Next: 54%
Magic:  22/22      EV:  9    Int: 10      God:    Gozag
Gold:   14005      SH:  0    Dex: 18      Spells: 23/23 levels left

rFire   + . .        b - +8 broad axe of Atsairr {vamp, *Slow rN+ Int+3}
rCold   . . .        c - +0 tower shield
rNeg    + + +        d - +11 crystal plate armour
rPois   +            (helmet restricted)
rElec   .            w - +2 cloak
rCorr   +            J - +0 pair of fencer's gloves {Riposte Dex+3}
SInv    +            N - +0 pair of boots {Fly}
Will    +....        U - amulet "Tuz Assi" {Reflect +Inv rN+ rCorr Dex+3 SH+5} Stlth
                     G - ring "Onlenol" {+Blink rPois rN+ Str+8 Stlth-}
HPRegen 0.61/turn    j - ring of Arrival {rF+ rN++ rCorr Int-2 SInv}
MPRegen 0.18/turn

%: slow self (1%), reflection
@: mighty, brilliant, marked, gold aura, flying, held, slowed, bribing [the Tomb
of the Ancients], very slow
A: horns 2, retaliatory headbutt, clever 1, weak 1
}: 5/15 runes: decaying, slimy, silver, abyssal, gossamer
a: Renounce Religion, Evoke Blink, Evoke Invisibility, Potion Petition, Call
Merchant, Bribe Branch


You were on level 1 of the Tomb of the Ancients.
You worshipped Gozag.
Gozag was extremely pleased with you.
You visited 10 branches of the dungeon, and saw 47 of its levels.
You visited the Abyss 4 times.
You visited 1 bazaar.
You also visited: Gauntlet and Wizlab.

You collected 25443 gold pieces.
You spent 2514 gold pieces at shops.
You paid 8924 gold pieces to Gozag.

Inventory:

Hand Weapons
 b - the +8 broad axe of Atsairr (weapon) {vamp, *Slow rN+ Int+3}
   (You found it on level 11 of the Dungeon)

   Int:       It affects your intelligence (+3).
   rN:        It protects you from negative energy.
   *Slow:     It may slow you when you take damage.
 x - a +0 war axe of flaming
Armour
 c - a +0 tower shield (worn)
 d - a +11 crystal plate armour (worn)
 w - a +2 cloak (worn)
 J - the +0 pair of fencer's gloves (worn) {Riposte Dex+3}
   (You found it on level 5 of the Pits of Slime)

   Riposte:   It allows the wearer to riposte with melee weapons, swiftly
   retaliating against missed or blocked melee attacks.
   Dex:       It affects your dexterity (+3).
 N - a +0 pair of boots of flying (worn)
Jewellery
 j - the ring of Arrival (right hand) {rF+ rN++ rCorr Int-2 SInv}
   (You took it off a centaur warrior on level 15 of the Dungeon)

   [ring of see invisible]

   Int:       It affects your intelligence (-2).
   rF:        It protects you from fire.
   rN:        It greatly protects you from negative energy.
   SInv:      It lets you see invisible.
   rCorr:     It protects you from acid and corrosion.
 m - the amulet "Feneofan" {*Corrode rPois Regen+ Int+8 Slay+6}
   (You found it on level 3 of the Crypt)

   [amulet of regeneration]

   Int:       It affects your intelligence (+8).
   Slay:      It affects your accuracy & damage with ranged weapons and melee
   (+6).
   rPois:     It protects you from poison.
   Regen:     It increases your rate of health regeneration.
   *Corrode:  It may corrode you when you take damage.
 o - the ring of Pyromania {Fly rF+ rC+}
   (You found it in a Gauntlet)

   [ring of protection from fire]

   rF:        It protects you from fire.
   rC:        It protects you from cold.
   Fly:       It grants you flight.
 G - the ring "Onlenol" (left hand) {+Blink rPois rN+ Str+8 Stlth-}
   (You took it off a minotaur in a Gauntlet)

   [ring of positive energy]

   Str:       It affects your strength (+8).
   rPois:     It protects you from poison.
   rN:        It protects you from negative energy.
   +Blink:    It lets you blink.
   Stlth:     It makes you less stealthy.
 O - the ring of the Hurling Gods {rElec rN+}
   (You found it on level 3 of the Crypt)

   [ring of positive energy]

   rElec:     It insulates you from electricity.
   rN:        It protects you from negative energy.
 U - the amulet "Tuz Assi" (around neck) {Reflect +Inv rN+ rCorr Dex+3 SH+5}
   (You found it on level 5 of the Pits of Slime)

   [amulet of reflection]

   It reflects blocked missile attacks.
   Dex:       It affects your dexterity (+3).
   rN:        It protects you from negative energy.
   +Inv:      It lets you turn invisible.
   rCorr:     It protects you from acid and corrosion.
   SH:        It affects your SH (+5).
 X - the ring "Jerchorph" {rElec rPois rN+ Int-4 Dex+2}
   (You found it on level 3 of the Crypt)

   [ring of positive energy]

   Int:       It affects your intelligence (-4).
   Dex:       It affects your dexterity (+2).
   rElec:     It insulates you from electricity.
   rPois:     It protects you from poison.
   rN:        It protects you from negative energy.
Scrolls
 h - 20 scrolls of teleportation
 k - 27 scrolls of identify
 p - 9 scrolls of fog
 u - 4 scrolls of blinking
 y - 7 scrolls of vulnerability
 z - 5 scrolls of poison
 A - 3 scrolls of enchant armour
 E - 8 scrolls of fear
 F - 2 scrolls of brand weapon
 I - 6 scrolls of silence
 P - 3 scrolls of butterflies
 W - 11 scrolls of enchant weapon
 Y - 5 scrolls of amnesia
 Z - a scroll of revelation
Potions
 a - a potion of berserk rage
 e - 12 potions of attraction
 f - 3 potions of cancellation
 g - 12 potions of ambrosia
 i - 4 potions of brilliance
 l - 2 potions of magic
 n - 9 potions of degeneration
 q - 16 potions of curing
 r - 6 potions of lignification
 t - 9 potions of enlightenment
 B - 2 potions of invisibility
 D - 7 potions of might
 K - 5 potions of haste
 Q - 6 potions of mutation
 R - 6 potions of heal wounds
 T - a potion of resistance


   Skills:
 O Level 27 Fighting
 - Level 18.0 Axes
 O Level 27 Armour
 + Level 18.4 Dodging
 O Level 27 Shields
 - Level 1.6 Evocations


You had 23 spell levels left.
You didn't know any spells.
Your spell library contained the following spells:

 Spells                   Type           Power      Damage    Failure   Level
 Apportation              Tloc           0%         N/A       87%         1
 Foxfire                  Conj/Fire      0%         2x1d4     87%         1
 Freeze                   Ice            0%         1d3       87%         1
 Magic Dart               Conj           0%         1d3       87%         1
 Sandblast                Erth           0%         2d4       87%         1
 Shock                    Conj/Air       0%         1d3       87%         1
 Slow                     Hex            0%         N/A       87%         1
 Sting                    Tmut/Pois      0%         1d3       87%         1
 Summon Small Mammal      Summ           0%         N/A       87%         1
 Blink                    Tloc           0%         N/A       95%         2
 Call Imp                 Summ           0%         N/A       95%         2
 Cigotuvi's Dreadful Rot  Necr/Pois/Air  0%         N/A       95%         2
 Ensorcelled Hibernation  Hex/Ice        0%         N/A       95%         2
 Lesser Beckoning         Tloc           0%         N/A       95%         2
 Momentum Strike          Conj/Tloc      0%         3d8       95%         2
 Passwall                 Tmut/Erth      0%         N/A       95%         2
 Poisonous Vapours        Pois/Air       0%         N/A       95%         2
 Scorch                   Fire           0%         2d5       95%         2
 Searing Ray              Conj           0%         2d4       95%         2
 Static Discharge         Conj/Air       0%         2-2/arc   95%         2
 Call Canine Familiar     Summ           0%         N/A       99%         3
 Confusing Touch          Hex            0%         N/A       99%         3
 Dazzling Flash           Conj/Hex       0%         N/A       99%         3
 Frozen Ramparts          Ice            0%         1d1       99%         3
 Gell's Gravitas          Tloc           0%         N/A       99%         3
 Hailstorm                Conj/Ice       0%         3d3       99%         3
 Inner Flame              Hex/Fire       0%         N/A       99%         3
 Mephitic Cloud           Conj/Pois/Air  0%         N/A       99%         3
 Ozocubu's Armour         Ice            0%         N/A       99%         3
 Stone Arrow              Conj/Erth      0%         3d7       99%         3
 Summon Guardian Golem    Hex/Summ       0%         N/A       99%         3
 Swiftness                Air            0%         N/A       99%         3
 Teleport Other           Tloc           0%         N/A       99%         3
 Tukima's Dance           Hex            0%         N/A       99%         3
 Vampiric Draining        Necr           0%         2d6       99%         3
 Vhi's Electric Charge    Tloc/Air       0%         N/A       99%         3
 Volatile Blastmotes      Fire/Tloc      0%         2d10      99%         3
 Airstrike                Air            0%         2d(0-16)  100%        4
 Anguish                  Hex/Necr       0%         N/A       100%        4
 Animate Armour           Summ/Erth      0%         N/A       100%        4
 Cause Fear               Hex            0%         N/A       100%        4
 Flame Wave               Conj/Fire      0%         2d4       100%        4
 Fulminant Prism          Conj/Hex       0%         3d5       100%        4
 Iskenderun's Mystic Bla  Conj/Tloc      0%         2d3       100%        4
 Leda's Liquefaction      Hex/Erth       0%         N/A       100%        4
 Olgreb's Toxic Radiance  Pois           0%         N/A       100%        4
 Passage of Golubria      Tloc           0%         N/A       100%        4
 Petrify                  Tmut/Erth      0%         N/A       100%        4
 Summon Ice Beast         Ice/Summ       0%         N/A       100%        4
 Summon Lightning Spire   Summ/Air       0%         N/A       100%        4
 Agony                    Necr           0%         N/A       100%        5
 Alistair's Intoxication  Tmut/Pois      0%         N/A       100%        5
 Arcjolt                  Conj/Air       0%         1d10      100%        5
 Borgnjor's Vile Clutch   Necr/Erth      0%         N/A       100%        5
 Fireball                 Conj/Fire      0%         3d3       100%        5
 Irradiate                Conj/Tmut      0%         3d11      100%        5
 Iskenderun's Battlesphe  Conj           0%         2d6       100%        5
 Metabolic Englaciation   Hex/Ice        0%         N/A       100%        5
 Silence                  Hex/Air        0%         N/A       100%        5
 Summon Forest            Summ/Tloc      0%         N/A       100%        5
 Summon Mana Viper        Hex/Summ       0%         N/A       100%        5
 Yara's Violent Unravell  Hex/Tmut       0%         3d3       100%        5
 Dispersal                Tloc           0%         N/A       100%        6
 Eringya's Noxious Bog    Tmut/Pois      0%         4d6       100%        6
 Leda's Unmaking          Conj/Erth      0%         9d1       100%        6
 Plasma Beam              Fire/Air       0%         2x1d10    100%        6
 Starburst                Conj/Fire      0%         6d3       100%        6
 Summon Cactus Giant      Summ           0%         N/A       100%        6
 Enfeeble                 Hex            0%         N/A       100%        7
 Monstrous Menagerie      Summ           0%         N/A       100%        7
 Ozocubu's Refrigeration  Ice            0%         4d7       100%        7
 Spellforged Servitor     Conj/Summ      0%         N/A       100%        7
 Summon Hydra             Summ           0%         N/A       100%        7
 Borgnjor's Revivificati  Necr           0%         N/A       100%        8
 Lehudib's Crystal Spear  Conj/Erth      0%         10d2      100%        8
 Dragon's Call            Summ           0%         N/A       100%        9
 Polar Vortex             Ice            0%         N/A       100%        9
 Simulacrum               Ice/Necr       Unusable   N/A       N/A         6

Dungeon Overview and Level Annotations

Branches:
Dungeon (15/15)            Temple (0/1) D:7            Lair (5/5) D:8
  Swamp (4/4) Lair:3       Spider (4/4) Lair:2        Slime (5/5) Lair:4
    Orc (2/2) D:10            Elf (3/3) Orc:2        Vaults (5/5) D:14
  Crypt (3/3) Vaults:2       Tomb (1/3) Crypt:3      Depths (0/4) D:15
 WizLab (visited)         Gauntlet (visited)

Altars:
Gozag
Kikubaaqudgha
Makhleb
Okawaru
Qazlal
Sif Muna
Trog
Vehumet
Yredelemnul
Zin
Jiyva

Shops:
D:1 ?   D:5 *   D:6 *   D:8 *   D:14 *   D:15 ***   Orc:2 !(==   Elf:1 (
Lair:1 *   Lair:4 (   Vaults:1 !   Vaults:3 !   Tomb:1 [

Annotations:
Lair:3 2 transporters, dontdoit's ghost, journeyman DjVM


Innate Abilities, Weirdness & Mutations

You have a pair of horns on your head.
You reflexively headbutt those who attack you in melee.
Your mind is acute. (Int +4, Str/Dex -1)
You are weak. (Str -2)


Message History

The death scarab's many legs skitter faintly. x5
You struggle against the net.
The death scarab is no longer distracted by gold. x3
The death scarab is distracted by your dazzling golden aura. x2
The death scarab bites you but does no damage.
The death scarab bites you.
* * * LOW HITPOINT WARNING * * *
The death scarab is distracted by your dazzling golden aura.
The phantasmal warrior hits you!!
* * * LOW HITPOINT WARNING * * *
The wight barely misses you. You furiously retaliate!
You headbutt the wight!
The skeletal warrior is distracted by your dazzling golden aura.
The mummy priest hits you!
* * * LOW HITPOINT WARNING * * *
The mummy is distracted by your dazzling golden aura.
The wight hits you with a +3 mace!
* * * LOW HITPOINT WARNING * * *
The phantasmal warrior hits you but does no damage.
The death scarab's many legs skitter faintly. x2
Do you want to bribe the denizens of the Tomb of the Ancients?
Gozag spreads your bribe to the Tomb of the Ancients!
The royal mummy is no longer distracted by gold.
The death scarab is no longer distracted by gold. x5
The revenant is no longer distracted by gold.
The death scarab is distracted by your dazzling golden aura.
The death scarab bites you but does no damage.
The death scarab is distracted by your dazzling golden aura.
The death scarab bites you but does no damage.
The death scarab is distracted by your dazzling golden aura. x4
The royal mummy casts a spell.
The mummy priest hits you but does no damage.
The phantasmal warrior hits you but does no damage.
The wight hits you with a +3 mace.
* * * LOW HITPOINT WARNING * * *
The revenant is distracted by your dazzling golden aura.
A skeletal warrior comes into view. It is wielding a +0 hand axe.
Your skeletal warrior grins greedily, jangling a coin purse.
The royal mummy hits you!!
You die...
Your body crumbles into a pile of gold.

###########
..........#
..........#
..........#
..........#
..........########
.....szBB.$..z....
^....BM@BB....M...
......WMB.########
..^..sBB..#
.....z..B.#
....^.....#
..........#
..........#
.........z#
.........#


You could see a royal mummy (ally target), 2 emperor scorpions, a revenant
(unaware), a mummy priest, a skeletal warrior, a phantasmal warrior (summoned),
9 death scarabs, a mummy, a wight (summoned) and a friendly skeletal warrior.

Vanquished Creatures
  the Royal Jelly (Slime:5)
  A dread lich (Crypt:3)
  2 ancient liches
  A royal mummy (Tomb:1)
  Boris (twice) (Vaults:5 Crypt:1)
  Nikola (Spider:3)
  2 golden dragons (Vaults:5)
  A profane servitor (Crypt:3)
  3 bone dragons
  2 shard shrike zombies
  7 tentacled monstrosities
  Zenata (Vaults:3)
  3 liches
  4 titans (Vaults:5)
  3 deep elf blademasters (Elf:3)
  2 deep elf master archers (Elf:3)
  19 acid blobs
  5 ancient champions
  A quicksilver dragon (Vaults:5)
  A thorn hunter (Swamp:1)
  9 sphinxes
  Kirke (Spider:2)
  3 shadow dragons (Vaults:5)
  2 tentacled starspawn (Abyss:4)
  2 storm dragons (Vaults:5)
  4 tengu reavers
  7 revenants
  Aizul (Vaults:4)
  A daeva (Abyss:4)
  7 rockslimes
  11 azure jellies
  6 deep elf sorcerers (Elf:3)
  3 fire giants (Vaults:5)
  3 frost giants (Vaults:5)
  21 vault wardens
  2 ghouls
  5 ghost moths
  4 curse skulls
  A spectral caustic shrike (WizLab)
  A caustic shrike zombie (WizLab)
  8 deep elf elementalists
  14 ironbound preservers
  4 war gargoyles
  13 quicksilver oozes (Slime:5)
  18 very ugly things
  8 broodmothers
  6 ironbound thunderhulks
  A formless jellyfish (Vaults:4)
  5 stone giants (Vaults:5)
  9 eleionomae
  3 deep elf demonologists (Elf:3)
  3 vampire knights
  5 halazid warlocks (WizLab)
  6 deep elf annihilators (Elf:3)
  Azrael (D:12)
  A minotaur (Gauntlet)
  9 bunyips
  A spark wasp (Spider:1)
  9 dire elephants
  The ghost of Radamante the Protected, a journeyman MiFi of the Shining One (D:11)
  12 deep elf death magi
  2 eidola
  2 green deaths (Swamp:4)
  2 quicksilver dragon zombies
  A fire dragon (shapeshifter) (Vaults:3)
  9 ettins
  2 crystal guardians
  4 deep elf high priests
  15 jiangshi
  A shambling mangrove (Swamp:2)
  8 entropy weavers
  3 mummy priests (Tomb:1)
  A fire dragon (Lair:5)
  Fannar (D:11)
  37 vault guards
  16 yaktaur captains
  19 hydras
  2 spriggan air magi (Swamp:2)
  4 ironbound frosthearts
  A hell beast (Swamp:4)
  3 ogre magi
  15 great orbs of eyes
  7 boulder beetles
  A catoblepas (Lair:5)
  4 peacekeepers
  8 ghost crabs
  2 radroaches
  A spriggan skeleton (Crypt:3)
  4 jorogumos
  Erica (D:8)
  5 death knights
  10 alligators
  36 dancing weapons
  A deep troll shaman (Vaults:5)
  3 tengu warriors
  9 centaur warriors
  5 thrashing horrors
  6 vampire magi
  3 death scarabs (Tomb:1)
  5 two-headed ogres
  17 death yaks
  Urug (D:12)
  7 demonic crawlers
  A titan zombie (Crypt:2)
  An orc high priest (Orc:2)
  18 deep elf knights
  6 deep troll earth magi (Vaults:5)
  A spriggan berserker (Swamp:2)
  16 spriggans
  2 hell knights
  6 shadow wraiths
  31 skeletal warriors
  2 fire crabs (Lair:4)
  2 iron trolls (Vaults:5)
  A wretched star (Abyss:4)
  8 pharaoh ants
  4 spark wasp zombies (WizLab)
  11 goliath frogs
  12 orb spiders
  A sun moth (Spider:3)
  A sea snake (shapeshifter) (Vaults:5)
  11 spriggan druids
  9 flayed ghosts
  41 deep trolls
  10 bog bodies
  8 wizards
  7 swamp dragons
  17 ironbound convokers
  16 deep elf archers
  34 deep elf pyromancers
  17 starcursed masses (Abyss:4)
  5 lindwurms
  2 necromancers
  17 phantasmal warriors
  4 wolf spider zombies
  A goliath frog zombie (Crypt:2)
  3 orc knights
  2 steelbarb worms (Spider:2)
  A frost giant zombie (Crypt:1)
  5 harpies (Vaults:1)
  28 ugly things
  16 wolf spiders
  27 deep elf zephyrmancers
  3 will-o-the-wisps
  2 cyclopes
  A spectral spriggan (WizLab)
  6 manticores
  13 orc sorcerers
  A worldbinder (Abyss:4)
  A cyclops (shapeshifter) (Vaults:5)
  3 shining eyes
  9 elephants
  A moth of wrath (shapeshifter) (Elf:1)
  A goliath frog skeleton (Crypt:2)
  15 vault sentinels
  2 stone giant skeletons (Vaults:3)
  Maurice (D:8)
  4 moths of wrath
  13 black mambas
  10 torpor snails
  A titan simulacrum (Vaults:3)
  3 smoke demons (Abyss:4)
  3 apocalypse crabs (Swamp:3)
  9 cane toads
  4 molten gargoyles
  4 gargoyles
  2 orange demons (Swamp:4)
  An eye of devastation (Slime:5)
  An unseen horror (D:13)
  2 green draconian zombies
  A kobold demonologist (D:11)
  3 rime drakes
  7 komodo dragons
  3 tengu conjurers
  6 freezing wraiths
  27 yaktaurs
  9 guardian mummies (Tomb:1)
  An ice devil (Abyss:4)
  2 spectral harpies (WizLab)
  A meliai (shapeshifter) (Vaults:5)
  3 meliai
  9 tyrant leeches
  Prince Ribbit (D:6)
  6 trolls
  A bloated husk (Swamp:2)
  16 hornets
  Grinder (D:6)
  A polar bear (Lair:3)
  2 spriggan zombies (WizLab)
  A tarantella (shapeshifter) (Vaults:5)
  A hydra skeleton (Crypt:2)
  A tyrant leech (shapeshifter) (Vaults:5)
  23 tarantellas
  10 raiju
  14 blink frogs
  A harpy skeleton (Tomb:1)
  8 dream sheep
  An ettin zombie (Crypt:3)
  A jumping spider (shapeshifter) (Abyss:4)
  31 jumping spiders
  58 flying skulls
  22 culicivoras
  A centaur simulacrum (Crypt:3)
  A yak (shapeshifter) (Elf:3)
  8 air elementals
  70 slime creatures
  6 wraiths
  A culicivora (shapeshifter) (D:15)
  42 yaks
  6 shadows
  5 large abominations
  4 fire elementals
  2 ushabtiu (Tomb:1)
  A vampire (D:10)
  9 wyverns
  5 hogs (Spider:2)
  A fire bat (Abyss:4)
  6 golden eyes
  41 redbacks
  9 basilisks
  15 vampire mosquitoes
  A neqoxec (Abyss:4)
  Menkaure (D:6)
  A glowing shapeshifter zombie (Crypt:1)
  6 steam dragons
  17 swamp worms
  Edmund (D:6)
  An acid dragon (D:9)
  5 wargs
  12 water moccasins
  A merfolk skeleton (Crypt:1)
  A swamp worm (shapeshifter) (Vaults:5)
  6 hell hounds
  11 orc warriors
  3 swamp drakes (Swamp:1)
  4 black bears
  2 ice beasts
  10 ogres
  15 wolves
  10 centaurs
  13 small abominations
  A rime drake zombie (Crypt:1)
  A phantom (D:7)
  2 kobold brigands
  4 necrophages (Crypt:3)
  A gnoll sergeant (D:12)
  4 scorpions
  18 bullfrogs
  An earth elemental (Elf:1)
  12 wights (D:8)
  20 killer bees
  3 electric eels
  2 howler monkeys
  3 hounds
  A jelly (D:7)
  6 lava snakes
  3 gnoll boudas
  14 orc priests
  Crazy Yiuf (D:6)
  A sleepcap (D:5)
  5 iguanas
  An iguana (shapeshifter) (D:10)
  31 orc wizards
  A hound zombie (Crypt:2)
  A howler monkey zombie (Crypt:2)
  3 mummies (Tomb:1)
  14 gnolls
  4 adders
  A swamp drake skeleton (Crypt:1)
  A white imp (D:8)
  2 ufetubi
  2 worms (D:2)
  A dart slug (D:1)
  55 orcs
  9 bats
  6 endoplasms
  5 giant cockroaches
  4 goblins
  7 hobgoblins
  3 jackals (D:2)
  18 kobolds
  3 quokkas
  10 ball pythons
  A ball python skeleton (Crypt:2)
  A frilled lizard (D:3)
  A jackal zombie (Crypt:1)
  A kobold skeleton (Crypt:1)
  A quokka zombie (Crypt:2)
  7 rats
  A lurking horror (Abyss:4)
  A starspawn tentacle (Abyss:4)
2023 creatures vanquished.

Vanquished Creatures (others)
  A deep elf sorcerer (Elf:3)
  An eleionoma (Swamp:4)
  A hydra (Swamp:4)
  An alligator (Swamp:4)
  A pharaoh ant (Spider:3)
  A sun moth (Spider:3)
  A spriggan druid (Swamp:3)
  A swamp dragon (Swamp:4)
  A deep elf zephyrmancer (Elf:3)
  A steelbarb worm (Spider:3)
  A will-o-the-wisp (Swamp:4)
  A tyrant leech (Swamp:4)
  3 bloated husks
  2 tarantellas (Spider:3)
  2 jumping spiders (Spider:3)
  A flying skull (WizLab)
  A water elemental (Elf:2)
  A redback (Spider:4)
  A hell hound (Lair:5)
  2 orc wizards
  18 foxfires
  A lurking horror (Abyss:4)
  17 starspawn tentacles (Abyss:4)
61 creatures vanquished.

Grand Total: 2084 creatures vanquished

Notes
Turn   | Place    | Note
-------+----------+-------------------------------------------
     0 | D:1      | BoldKobold the Minotaur Fighter began the quest for the
                  | Orb.
     0 | D:1      | Reached XP level 1. HP: 19/19 MP: 0/0
    87 | D:1      | Reached XP level 2. HP: 20/27 MP: 1/1
   229 | D:1      | Reached XP level 3. HP: 26/33 MP: 2/2
   407 | D:1      | Found Ucwad's Magic Scroll Boutique.
   860 | D:2      | Found a faded altar of an unknown god.
   881 | D:2      | Prayed at the altar of an unknown god.
   881 | D:2      | Became a worshipper of Gozag Ym Sagoz the Greedy
  1296 | D:3      | Reached XP level 4. HP: 41/41 MP: 3/3
  2193 | D:4      | Noticed a scorpion
  2199 | D:4      | Killed a scorpion
  2200 | D:4      | Reached XP level 5. HP: 45/47 MP: 4/4
  2628 | D:5      | Entered Level 5 of the Dungeon
  2651 | D:5      | Noticed a water moccasin
  2657 | D:5      | Reached skill level 5 in Fighting
  2657 | D:5      | Reached skill level 5 in Armour
  2657 | D:5      | Reached skill level 5 in Shields
  2669 | D:5      | Killed a water moccasin
  2670 | D:5      | Reached XP level 6. HP: 21/56 MP: 5/5
  2679 | D:5      | HP: 2/56 [poisoned by a water moccasin]
  2993 | D:5      | Found Eesedwye's Eclectic Emporium.
  3173 | D:5      | Noticed an ice beast
  3183 | D:5      | Killed an ice beast
  3319 | D:5      | Reached skill level 5 in Axes
  3319 | D:5      | Reached XP level 7. HP: 56/62 MP: 6/6
  3773 | D:6      | Noticed Edmund
  3783 | D:6      | Killed Edmund
  4043 | D:6      | Found a glowing silver altar of Zin.
  4043 | D:6      | Found a burning altar of Makhleb.
  4043 | D:6      | Found an iron altar of Okawaru.
  4043 | D:6      | Noticed Menkaure
  4051 | D:6      | Killed Menkaure
  4052 | D:6      | Reached XP level 8. HP: 57/71 MP: 7/7
  4338 | D:6      | Found Fonak's Assorted Antiques.
  4615 | D:6      | Noticed Prince Ribbit
  4650 | D:6      | Killed Prince Ribbit
  4838 | D:6      | Noticed Grinder
  4851 | D:6      | Killed Grinder
  4865 | D:6      | Found a runed translucent door.
  4866 | D:6      | Noticed Crazy Yiuf
  4910 | D:6      | Killed Crazy Yiuf
  4916 | D:6      | Identified the +2 hammer "Widowmaker" {freeze, Int+2 SInv}
  5679 | D:7      | Reached XP level 9. HP: 48/81 MP: 8/8
  6246 | D:7      | Found a staircase to the Ecumenical Temple.
  6322 | D:8      | Noticed Erica
  6751 | D:8      | Found a staircase to the Lair.
  6773 | D:8      | Killed Erica
  7041 | D:8      | Found Verasufu's Demolitions Depot.
  7054 | D:8      | Reached XP level 10. HP: 60/91 MP: 9/9
  7288 | D:8      | Noticed Maurice
  7303 | D:8      | Killed Maurice
  7793 | D:8      | Reached skill level 10 in Fighting
  7797 | D:8      | Reached skill level 10 in Armour
  7800 | D:8      | Reached skill level 10 in Shields
  8211 | Lair:1   | Entered Level 1 of the Lair of Beasts
  8219 | Lair:1   | Noticed a black mamba
  8228 | Lair:1   | Killed a black mamba
  8305 | Lair:1   | Reached skill level 10 in Axes
  8482 | Lair:1   | Reached XP level 11. HP: 74/101 MP: 10/10
  8733 | Lair:1   | Found a gate leading to a gauntlet.
  8756 | Gauntlet | Entered a Gauntlet
  8756 | Gauntlet | Found a transporter.
  8756 | Gauntlet | Found a transporter.
  8941 | Gauntlet | Found a transporter.
  8944 | Gauntlet | Found a transporter.
  8945 | Gauntlet | Found a transporter.
  8945 | Gauntlet | Found a transporter.
  8979 | Gauntlet | Found a transporter.
  8983 | Gauntlet | Found a transporter.
  8986 | Gauntlet | Noticed a catoblepas
  9002 | Gauntlet | Found a transporter.
  9017 | Gauntlet | Found a runed translucent door.
  9018 | Gauntlet | Found a transporter.
  9018 | Gauntlet | Noticed a wolf spider
  9019 | Gauntlet | Found a runed translucent door.
  9033 | Gauntlet | Found a transporter.
  9037 | Gauntlet | Found a transporter.
  9095 | Gauntlet | Identified the ring of Pyromania {Fly rF+ rC+}
  9501 | Gauntlet | Identified the ring "Onlenol" {+Blink rPois rN+ Str+8
                  | Stlth-}
  9501 | Gauntlet | Noticed a minotaur
  9518 | Gauntlet | Killed a minotaur
  9672 | Gauntlet | Identified the ring of Ewuydghou {rF+ rN+ Stlth+}
  9676 | Gauntlet | Got the Anthology of Spellbinding
 10443 | Lair:1   | Bought a scroll labelled KUPHUGG NAUPH for 28 gold pieces
 10443 | Lair:1   | Bought a scroll labelled EBORHAJOETZ for 28 gold pieces
 10466 | Lair:1   | Identified a scroll of acquirement
 10466 | Lair:1   | Acquired a +0 war axe of flaming
 11542 | Lair:2   | Found a hole to the Spider Nest.
 11724 | Lair:3   | Reached XP level 12. HP: 113/113 MP: 11/11
 11889 | Lair:3   | Noticed a death yak
 11891 | Lair:3   | Noticed a death yak
 11892 | Lair:3   | Noticed a death yak
 11892 | Lair:3   | Noticed a death yak
 11892 | Lair:3   | Noticed a death yak
 11915 | Lair:2   | Killed a death yak
 11990 | Lair:1   | Killed a death yak
 11995 | Lair:1   | Killed a death yak
 12284 | Lair:2   | Killed a death yak
 12589 | Lair:3   | Killed a death yak
 13016 | Lair:3   | Noticed dontdoit's ghost (journeyman DjVM)
 13020 | Lair:3   | Found a bloodstained altar of Trog.
 13023 | Lair:3   | Found a transporter.
 13057 | Lair:3   | Found a transporter.
 13286 | Lair:3   | Noticed a four-headed hydra
 13291 | Lair:3   | Killed a one-headed hydra
 13291 | Lair:3   | Noticed a four-headed hydra
 13298 | Lair:3   | Killed a one-headed hydra
 13299 | Lair:3   | Reached XP level 13. HP: 117/123 MP: 12/12
 13354 | Lair:3   | Found a staircase to the Swamp.
 14641 | Lair:4   | Found a viscous altar of Jiyva.
 14642 | Lair:4   | Found a staircase to the Slime Pits.
 15075 | Lair:4   | You are sucked into a shaft and drop 1 floor!
 15075 | Lair:5   | Entered Level 5 of the Lair of Beasts
 15257 | Lair:5   | Found a large runed translucent door.
 15257 | Lair:5   | Found a large runed translucent door.
 15258 | Lair:5   | Noticed a fire dragon
 15810 | Lair:5   | Killed a fire dragon
 15877 | Lair:5   | Reached skill level 15 in Fighting
 15877 | Lair:5   | Reached skill level 15 in Armour
 15992 | Lair:5   | Reached skill level 15 in Shields
 16346 | Lair:5   | Reached XP level 14. HP: 133/135 MP: 13/13
 16900 | Lair:4   | Reached skill level 15 in Axes
 17698 | Lair:4   | Bought a dazzling battleaxe for 414 gold pieces
 17698 | Lair:4   | Identified the +0 battleaxe of the Nine Spirits {flame,
                  | Will+ Str+2} (You bought it in a shop on level 4 of the
                  | Lair of Beasts)
 18262 | D:5      | Bought a scroll of enchant weapon for 97 gold pieces
 18262 | D:5      | Bought a scroll of enchant armour for 97 gold pieces
 18307 | D:6      | Bought a scroll of enchant weapon for 180 gold pieces
 18307 | D:6      | Bought a scroll of identify for 48 gold pieces
 18445 | D:1      | Bought a scroll of blinking for 90 gold pieces
 18445 | D:1      | Bought a scroll of enchant armour for 90 gold pieces
 18445 | D:1      | Bought a scroll of enchant armour for 90 gold pieces
 18445 | D:1      | Bought a scroll of identify for 24 gold pieces
 18445 | D:1      | Bought a scroll of teleportation for 36 gold pieces
 18445 | D:1      | Bought a scroll of teleportation for 36 gold pieces
 18445 | D:1      | Bought a scroll of identify for 24 gold pieces
 18445 | D:1      | Bought a scroll of teleportation for 36 gold pieces
 18641 | D:10     | Entered Level 10 of the Dungeon
 18768 | D:10     | Found a runed translucent door.
 18783 | D:10     | Found a stormy altar of Qazlal.
 19045 | D:10     | Found a radiant altar of Vehumet.
 19115 | D:10     | Identified the +8 dagger "Eddayps" {chaos, rPois Will-
                  | Int-5 Dex+4}
 19170 | D:10     | Found a staircase to the Orcish Mines.
 19212 | D:10     | Found a runed translucent door.
 20034 | D:11     | Noticed Fannar
 20056 | D:11     | Killed Fannar
 20564 | D:11     | Found a runed translucent gate.
 20564 | D:11     | Found a runed translucent gate.
 20564 | D:11     | Found a runed translucent gate.
 20574 | D:11     | Noticed Radamante's ghost (journeyman MiFi)
 20842 | D:11     | Killed Radamante's ghost
 20849 | D:11     | Identified the +8 broad axe of Atsairr {vamp, *Slow rN+
                  | Int+3}
 20911 | D:12     | Noticed Urug
 20916 | D:12     | Killed Urug
 21053 | D:12     | Noticed Azrael
 21061 | D:12     | Killed Azrael
 21780 | D:13     | Reached XP level 15. HP: 145/145 MP: 14/14
 22412 | D:14     | Found Qalilot's General Store.
 22909 | D:14     | Found a gate to the Vaults.
 23026 | D:14     | Found an iron altar of Okawaru.
 23388 | D:15     | Entered Level 15 of the Dungeon
 23541 | D:15     | Found Nuapnape's Assorted Antiques.
 23547 | D:15     | Bought a scroll of identify for 56 gold pieces
 23921 | D:15     | Found Baackar's Assorted Antiques.
 23929 | D:15     | Bought an embroidered cloak for 240 gold pieces
 23985 | D:15     | Found a staircase to the Depths.
 23985 | Abyss:2  | Found a bloodstained altar of Trog.
 23985 | Abyss:2  | Cast into level 2 of the Abyss (a wizard)
 23986 | Abyss:2  | Found a corrupted altar of Lugonu.
 24097 | Abyss:3  | Noticed a thorn hunter
 24101 | Abyss:3  | Noticed a deep elf sorcerer
 24120 | Abyss:3  | Noticed a deep elf blademaster
 24122 | Abyss:3  | Noticed a deep elf blademaster
 24122 | Abyss:3  | Noticed a deep elf sorcerer
 24124 | Abyss:3  | Got an abyssal rune of Zot
 24257 | Abyss:4  | Paralysed by accursed screaming for 1 turns
 24258 | Abyss:4  | Noticed a bone dragon
 24418 | Abyss:4  | Noticed a tentacled starspawn
 24462 | Abyss:4  | Noticed a tentacled starspawn
 24480 | D:15     | Escaped the Abyss
 24613 | Abyss:4  | Cast into level 4 of the Abyss (a wizard)
 24647 | Abyss:4  | Noticed a tentacled starspawn
 24652 | Abyss:4  | Killed a tentacled starspawn
 24787 | D:15     | Escaped the Abyss
 24793 | D:15     | Identified the ring of Arrival {rF+ rN++ rCorr Int-2 SInv}
 25051 | D:15     | Found Vyreg's Assorted Antiques.
 25641 | Orc:1    | Entered Level 1 of the Orcish Mines
 25688 | Orc:1    | Found a bloodstained altar of Trog.
 25978 | Orc:2    | Entered Level 2 of the Orcish Mines
 26094 | Orc:2    | Reached XP level 16. HP: 157/157 MP: 15/15
 26291 | Orc:2    | Found a staircase to the Elven Halls.
 26520 | Orc:2    | Found Utiupt's Antique Weapon Emporium.
 26522 | Orc:2    | Gained mutation: Your mind is acute. (Int +4, Str/Dex -1)
                  | [a neqoxec]
 26607 | Orc:2    | Found an ancient bone altar of Kikubaaqudgha.
 26620 | Orc:2    | Found Huydied's Jewellery Emporium.
 26641 | Orc:2    | Found a radiant altar of Vehumet.
 26696 | Orc:2    | Found Woramin's Jewellery Emporium.
 26696 | Orc:2    | Found Qoimiatz's Distillery.
 26726 | Orc:2    | Paralysed by an orc sorcerer for 5 turns
 27388 | Swamp:1  | Entered Level 1 of the Swamp
 27388 | Swamp:1  | Noticed a thorn hunter
 27408 | Swamp:1  | Killed a thorn hunter
 29436 | Swamp:3  | Reached XP level 17. HP: 168/168 MP: 16/16
 29731 | Swamp:3  | Found a runed translucent door.
 29888 | Swamp:3  | Noticed a tentacled monstrosity
 29895 | Swamp:3  | Killed a tentacled monstrosity
 30387 | Swamp:3  | Identified the +6 scimitar of Egygg {freeze, rC++ Will-
                  | Str+2}
 30495 | Swamp:4  | Entered Level 4 of the Swamp
 31192 | Swamp:4  | Paralysed by a great orb of eyes for 3 turns
 31399 | Swamp:4  | Got a decaying rune of Zot
 31704 | Spider:1 | Entered Level 1 of the Spider Nest
 32189 | Spider:1 | Reached XP level 18. HP: 180/180 MP: 17/17
 33204 | Spider:2 | Noticed Kirke
 33241 | Spider:2 | Killed Kirke
 33857 | Spider:3 | Noticed Nikola
 34046 | Spider:3 | HP: 6/182 [Nikola/arc of chain lightning (75)]
 34047 | Spider:3 | Killed Nikola
 34988 | Spider:3 | Identified the +8 short sword of Armageddon {drain, Str+3}
 35404 | Spider:4 | Entered Level 4 of the Spider Nest
 35979 | Spider:4 | Got a gossamer rune of Zot
 36847 | Vaults:1 | Entered Level 1 of the Vaults
 36877 | Vaults:1 | Paralysed by a great orb of eyes for 2 turns
 36906 | Vaults:1 | Reached XP level 19. HP: 191/191 MP: 15/18
 37214 | Vaults:1 | Found Oragirov's Distillery.
 38523 | Vaults:2 | Found a staircase to the Crypt.
 39756 | Vaults:3 | Noticed Zenata
 39769 | Vaults:3 | Killed Zenata
 40412 | Vaults:3 | Reached XP level 20. HP: 194/204 MP: 19/19
 40767 | Vaults:3 | Found Iraphuk's Distillery.
 40782 | Vaults:3 | Bought a potion of might for 64 gold pieces
 40782 | Vaults:3 | Bought a potion of might for 64 gold pieces
 41286 | Abyss:4  | Cast into level 4 of the Abyss (a wizard)
 41291 | Abyss:4  | Noticed a bone dragon
 41302 | Abyss:4  | Killed a bone dragon
 41333 | Abyss:4  | Noticed an ancient lich
 41341 | Abyss:4  | Killed an ancient lich
 41351 | Abyss:4  | Killed a bone dragon
 41382 | Abyss:4  | Paralysed by accursed screaming for 1 turns
 41437 | Abyss:4  | Noticed a dread lich
 41449 | Vaults:3 | Escaped the Abyss
 41475 | Vaults:3 | Identified the +1 helmet of Keimeghes {Will+ MP+9 Int-5}
 41681 | Vaults:3 | Identified the +0 scale mail of Insecurity {rPois rCorr
                  | Str+2 Int+3}
 42351 | Vaults:4 | Noticed Aizul
 42360 | Vaults:4 | Killed Aizul
 42806 | Vaults:5 | Entered Level 5 of the Vaults
 42888 | Vaults:5 | Reached XP level 21. HP: 215/215 MP: 20/20
 42901 | Vaults:5 | Noticed a golden dragon
 42907 | Vaults:5 | Noticed a golden dragon
 42924 | Vaults:5 | Killed a golden dragon
 42938 | Vaults:5 | Killed a golden dragon
 42946 | Vaults:5 | Identified the +1 scimitar of Greatest Utility {flame,
                  | rElec Int+2}
 42950 | Vaults:5 | Noticed Boris
 42988 | Vaults:5 | Found the +5 scythe "Finisher" {speed, execute}
 43176 | Vaults:5 | Killed Boris
 43675 | Vaults:5 | Got a silver rune of Zot
 43686 | Vaults:5 | Identified the +8 chain mail of Zuejerun {Dex+4}
 44091 | Vaults:5 | Noticed an ancient lich
 44109 | Vaults:5 | Killed an ancient lich
 44414 | Vaults:5 | Identified the +0 sling "Alihug" {freeze, Fly rN+++ Dex-5
                  | Stlth+}
 44807 | Elf:1    | Entered Level 1 of the Elven Halls
 44923 | Elf:1    | Reached XP level 22. HP: 228/228 MP: 21/21
 45591 | Elf:1    | Identified the +10 hand axe "Edilun" {freeze, Str+3 Int+4}
 45705 | Elf:1    | Paralysed by an air elemental for 1 turns
 45707 | Elf:1    | Paralysed by an air elemental for 1 turns
 45823 | Elf:1    | Found Hituodask's Antique Weapon Emporium.
 46241 | Elf:2    | Paralysed by an air elemental for 1 turns
 46757 | Elf:2    | Found a runed translucent gate.
 46758 | Elf:2    | Found a runed translucent gate.
 46758 | Elf:2    | Found a runed translucent gate.
 47187 | Elf:3    | Entered Level 3 of the Elven Halls
 47197 | Elf:3    | Found a flickering gateway to a bazaar.
 47208 | Bazaar   | Entered a bazaar
 47224 | Bazaar   | Found Huhot's Weapon Emporium.
 47225 | Bazaar   | Found Nughip's Distillery.
 47234 | Bazaar   | Bought 2 potions of might for 72 gold pieces
 47234 | Bazaar   | Bought a potion of cancellation for 72 gold pieces
 47234 | Bazaar   | Bought a potion of heal wounds for 45 gold pieces
 47268 | Bazaar   | Found Numy's Weapon Shoppe.
 47268 | Bazaar   | Found Wiepu's Magic Scroll Shoppe.
 47290 | Bazaar   | Bought a scroll of acquirement for 364 gold pieces
 47290 | Bazaar   | Bought a scroll of brand weapon for 66 gold pieces
 47290 | Bazaar   | Bought a scroll of fog for 28 gold pieces
 47290 | Bazaar   | Bought a scroll of teleportation for 21 gold pieces
 47290 | Bazaar   | Bought a scroll of revelation for 52 gold pieces
 47290 | Bazaar   | Bought a scroll of blinking for 52 gold pieces
 47413 | Elf:3    | Paralysed by an air elemental for 1 turns
 47582 | Abyss:4  | Cast into level 4 of the Abyss (a deep elf sorcerer)
 47614 | Elf:3    | Escaped the Abyss
 47762 | Elf:3    | Identified the ring "Teafusax" {rElec Int+6}
 47810 | Elf:3    | Paralysed by an air elemental for 1 turns
 47887 | Elf:3    | Found a shimmering blue altar of Sif Muna.
 48227 | Elf:3    | Got Vehumet's Atlas of Blasts
 48238 | Elf:3    | Identified the +10 dagger "Bushrarch" {heavy, MP-9 Int+4}
 48242 | Elf:3    | Identified the staff "Rienen" {rF+ rC+ Will++ Dex+6 Fire}
 48244 | Elf:3    | Identified the +8 hand axe of Dishonour {antimagic, rF+
                  | Str+4 Stlth+}
 48248 | Elf:3    | Identified the +6 spear of Spite {heavy, Dex+4}
 48259 | Elf:3    | Got the Atlas of the Iceberg
 48334 | Elf:3    | Identified the +11 rapier of Exquisite Death {speed, rPois
                  | Str+5 Dex-5}
 48341 | Elf:3    | Reached skill level 27 in Fighting
 48465 | Elf:3    | Acquired 836 gold pieces
 48733 | Slime:1  | Entered Level 1 of the Pits of Slime
 48804 | Slime:1  | Gained mutation: You are weak. (Str -2) [a shining eye]
 49095 | Slime:2  | Paralysed by a great orb of eyes for 5 turns
 49102 | Slime:2  | Reached skill level 27 in Armour
 49102 | Slime:2  | Reached XP level 23. HP: 240/240 MP: 22/22
 49124 | Slime:2  | Reached skill level 27 in Shields
 49139 | Slime:2  | Reached skill level 1 in Evocations
 49313 | Slime:3  | Reached skill level 1 in Dodging
 49379 | Slime:5  | Entered Level 5 of the Pits of Slime
 49577 | Slime:5  | Reached skill level 5 in Dodging
 49645 | Slime:5  | Noticed the Royal Jelly
 49718 | Slime:5  | Killed the Royal Jelly
 49957 | Slime:5  | Identified the amulet "Tuz Assi" {Reflect +Inv rN+ rCorr
                  | Dex+3 SH+5}
 50019 | Slime:5  | Identified the +5 scale mail of Cloud Cover {rElec}
 50038 | Slime:5  | Identified the staff "Gimmerph" {MP-9 Int+7 Earth}
 50078 | Slime:5  | Identified the +1 scale mail of the Lost Path {Will+ Int+5}
 50082 | Slime:5  | Identified the +0 chain mail of the Eight Dreams {Slay+2}
 50087 | Slime:5  | Identified the ring "Wetun" {Str+2 Int+6}
 50089 | Slime:5  | Got the Atlas of Relocation
 50234 | Slime:5  | Found the +10 morningstar "Eos" {elec, Halo rElec}
 50236 | Slime:5  | Found the +0 pair of fencer's gloves {Riposte Dex+3}
 50264 | Slime:5  | Got a slimy rune of Zot
 50279 | Slime:5  | Identified the amulet "Ibanokk" {Spirit rPois}
 50332 | Slime:5  | Identified the +6 dagger "Ifudghafe" {elec, rElec Int+3
                  | Stlth+}
 50334 | Slime:5  | Identified the +0 plate armour "Zeuto" {MP+9 Stlth+}
 51068 | Crypt:1  | Entered Level 1 of the Crypt
 51145 | Crypt:1  | Found a magical portal.
 51150 | WizLab   | Entered Borgnjor's Mausoleum
 51211 | WizLab   | Reached skill level 10 in Dodging
 51707 | WizLab   | Identified the ring "Vohuiqea" {rCorr Str-4 Dex+5}
 51718 | WizLab   | Got the Codex of Dark Magic
 51853 | Crypt:1  | Noticed Boris
 51863 | Crypt:1  | Killed Boris
 52070 | Crypt:1  | Acquired 652 gold pieces
 53277 | Crypt:3  | Entered Level 3 of the Crypt
 53435 | Crypt:3  | Reached XP level 24. HP: 249/249 MP: 22/22
 53452 | Crypt:3  | Found a basalt altar of Yredelemnul.
 53456 | Crypt:3  | Reached skill level 15 in Dodging
 53885 | Crypt:3  | Identified the +1 leather armour of Esuaps {Stlth+}
 53941 | Crypt:3  | Noticed a dread lich
 53942 | Crypt:3  | Found a staircase to the Tomb.
 53954 | Crypt:3  | Killed a dread lich
 54020 | Crypt:3  | Identified the +0 chain mail of Cuegui {rC+}
 54046 | Crypt:3  | Identified the +2 hand axe of Annoyance {pain, rC+ Will+}
 54302 | Crypt:3  | Identified the amulet "Feneofan" {*Corrode rPois Regen+
                  | Int+8 Slay+6}
 54302 | Crypt:3  | Identified the ring of the Hurling Gods {rElec rN+}
 54302 | Crypt:3  | Identified the ring "Jerchorph" {rElec rPois rN+ Int-4
                  | Dex+2}
 54592 | Tomb:1   | Entered Level 1 of the Tomb of the Ancients
 55557 | Tomb:1   | Acquired 807 gold pieces
 55600 | Tomb:1   | Noticed a royal mummy
 55610 | Tomb:1   | Noticed a royal mummy
 55616 | Tomb:1   | Killed a royal mummy
 55627 | Tomb:1   | HP: 5/249 [wight/+3 mace[a mummy priest] (8)]
 55628 | Tomb:1   | Demolished by a royal mummy

Illustrated notes

Levels and vault maps discovered:
D:1:      mrwooster_arrival_statue_2, layout_rooms, serial_shops, shop
D:2:      layout_loops_ring, ebering_ecumenical_altar_rust, grunt_ministairs_15
D:3:      layout_loops_ring
D:4:      layout_gridville, wad_floor_pattern_untrapped
D:5:      layout_basic, nicolae_alphabet_shops, lemuel_flamethrower_1
D:6:      layout_loops_corners, chequers_temple_overflow_statue_of_worship,
          serial_shops, nicolae_shop_statue_plus, uniq_menkaure, uniq_edmund,
          uniq_crazy_yiuf_cottage, uniq_grinder, uniq_prince_ribbit1
D:7:      layout_loops_cross, temple_hall, kennysheep_nondescript
D:8:      layout_basic, dpeg_oklobed_lair, minmay_misc_feat_diagonals,
          grunt_ministairs_3, nicolae_blasting_shop, nicolae_zen_rock_garden,
          nicolae_lava_and_water, uniq_maurice, uniq_erica
D:9:      layout_loops_ring, mainiacjoe_overflow_alcove_2, serial_shops,
          nicolae_shop_pleasant_corner_grove
D:10:     cheibrodos_histonic, layout_basic, nicolae_vehumet_radiance,
          grunt_qazlal_sundering, orc_0_dummy
D:11:     layout_basic, gammafunk_ghost_hydra_chop, uniq_fannar
D:12:     layout_basic, uniq_urug, uniq_azrael
D:13:     layout_long_grid, serial_glass, glass_columns_a, glass_columns_a,
          glass_columns_a, glass_columns_b, glass_columns_c, glass_columns_b
D:14:     layout_small_grid, grunt_vaults_entry_fortified,
          hellmonk_okawaru_the_only_friend_you_need, serial_shops,
          nicolae_stop_n_shop_1
D:15:     hangedman_depths_entry_civil_slaughter, layout_basic, serial_shops,
          shop, shop, shop
Lair:1:   layout_layer_cave, gauntlet_entry_generic, dreamdust_gnoll_shepherd,
          grunt_megastairs_1, lemuel_fruit_tree
Lair:2:   layout_cave_shapes, hellmonk_spider_entry_not_the_bees
Lair:3:   layout_hall_layers, palyth_hydra_swamp_entry,
          gammafunk_ghost_wrathful_warriors, infiniplex_staircase_pool
Lair:4:   layout_regular_city, dpeg_slime_entry_corner, st_stairs_13,
          nicolae_lair_lakeside_cave, grunt_megastairs_2
Lair:5:   cheibrodos_lair_end_hotspot, layout_gridlike
Swamp:1:  layout_basic_swamp, evilmike_swamp_ruin_rubble_2, swamp_pool5
Swamp:2:  nzn_winding_woodlands_three_and_one [nzn_winding_woodlands_5x15_eye,
          nzn_winding_woodlands_5x15_split_checker,
          nzn_winding_woodlands_5x15_pockets,
          nzn_winding_woodlands_center_pierced_h], layout_basic_swamp,
          evilmike_swamp_ruin_rubble_1
Swamp:3:  gammafunk_mikee_crab_dinner, layout_basic_swamp, serial_swamp_ruin,
          evilmike_swamp_ruin_wall, evilmike_swamp_ruin_house_4,
          evilmike_swamp_ruin_house_3, swamp_pool2, nicolae_swamp_some_circles
Swamp:4:  swamp_vile, layout_basic_swamp
Spider:1: nicolae_spider_hilbert_zone_2 [nicolae_spider_hilbert_4_sides_1_open,
          nicolae_spider_hilbert_4_sides_1_open,
          nicolae_spider_hilbert_4_sides_1_open,
          nicolae_spider_hilbert_4_sides_1_open,
          nicolae_spider_hilbert_6_sides_1_open,
          nicolae_spider_hilbert_6_sides_1_open,
          nicolae_spider_hilbert_3_sides_1_open,
          nicolae_spider_hilbert_3_sides_1_open,
          nicolae_spider_hilbert_3_sides_1_open,
          nicolae_spider_hilbert_3_sides_1_open,
          nicolae_spider_hilbert_6_sides_1_open,
          nicolae_spider_hilbert_6_sides_1_open,
          nicolae_spider_hilbert_6_sides_1_open,
          nicolae_spider_hilbert_6_sides_1_open]
Spider:2: layout_chambers, uniq_kirke
Spider:3: layout_spider_delve, nicolae_spider_jagged_tunnels, uniq_nikola
Spider:4: hellmonk_spider_rune_endless_swarm, hangedman_spider_tarantella_strand
Slime:1:  layout_caves
Slime:2:  layout_caves
Slime:3:  layout_caves, cheibrodos_slime_lost_civilization_5
Slime:4:  layout_caves
Slime:5:  slime_pit_nicolae_trefoil
Orc:1:    layout_caves, basic_altar
Orc:2:    kennysheep_orc_mage_school, layout_caves
Elf:1:    elf_arrival_001, layout_onion_city, serial_shops, nicolae_shop_stone,
          hangedman_corner_corridor, grunt_ministairs_3
Elf:2:    nicolae_elf_blades_crystal_corner, layout_rooms, hex_tiny,
          st_stairs_5, drop_trap, hex_medium
Elf:3:    minmay_elf_hall_statues, layout_loops_cross, basic_altar,
          serial_shops, bzr_entry_gold
Vaults:1: vaults_standard_mumra_enter_the_diamond, vaults_mumra_chevron,
          nicolae_vaults_angled_halls, nicolae_vaults_little_squares_2,
          ontoclasm_vaults_claustrophobia, vaults_dpeg_diagonal,
          nicolae_vaults_layer_cake_slice, nicolae_vaults_diamond_1,
          ontoclasm_vaults_fault, nicolae_vaults_six-pack,
          layout_vaults_chaotic_city, serial_shops, nicolae_shop_rolling_square
Vaults:2: hangedman_vaults_hat, ontoclasm_vaults_pinch,
          minmay_crypt_entry_simple_corners, vaults_dpeg_hooks,
          hangedman_vaults_maws, nicolae_vaults_security_offices_1,
          nicolae_vaults_weapon_check, nicolae_vaults_little_squares_6,
          layout_vaults_quadrants
Vaults:3: v_rooms_3, nicolae_vaults_twisting_passages,
          nicolae_vaults_sightless_eye, kb_rosetta,
          nicolae_vaults_tetromino_T_1, nicolae_vaults_three_branches,
          vaults_room_mumra_shop_pool, nicolae_vaults_spaceships,
          v_alt_pattern_4, nicolae_vaults_offset_grid_hallway_4,
          ontoclasm_vaults_chip, nicolae_vaults_tetromino_Z_1,
          nicolae_vaults_tetromino_L_2, nicolae_vaults_asterisk,
          layout_vaults_maze, serial_glass, uniq_zenata
Vaults:4: st_more_cells, nicolae_vaults_offset_grid_hallway_4,
          hangedman_vaults_maws, nicolae_vaults_closet_pinwheel_4,
          vaults_room_grid, ontoclasm_vaults_ligature, vaults_dpeg_encased_lava,
          vaults_room_pool, nicolae_vaults_gold_heap, v_misc_12,
          layout_vaults_omnibox, uniq_aizul
Vaults:5: serial_shops, uniq_boris
Crypt:1:  layout_chaotic_city, mu_enter_wizlab_2
Crypt:2:  layout_chaotic_city, serial_sigils_hangedman_gut, st_stairs_1,
          nicolae_crypt_ancient_font
Crypt:3:  grunt_crypt_end_deaths_head
Tomb:1

Skill      XL: |  1  2  3  4  5  6  7  8  9 10 11 12 13 14 15 16 17 18 19 20 21 22 23 24 |
---------------+-------------------------------------------------------------------------+-----
Fighting       | 4 5 6 7 9 10 12 13 15 16 17 19 20 22 23 24 25 27 | 27.0
Shields        | 4 5 6 7 9 10 12 13 15 16 17 19 20 21 23 24 25 26 27 | 27.0
Armour         | 4 5 6 7 9 10 12 13 15 16 17 19 20 21 23 24 25 27 | 27.0
Axes           | 3 4 5 6 7 9 10 12 13 14 16 17 18 | 18.0
Evocations     | 1 |  1.6
Dodging        | 14 18 | 18.4

Action                     |  1- 3 |  4- 6 |  7- 9 | 10-12 | 13-15 | 16-18 | 19-21 | 22-24 || total
---------------------------+-------+-------+-------+-------+-------+-------+-------+-------++-------
  Melee: War axe           |    87 |    91 |   257 |   468 |   639 |    40 |       |       ||  1582
         Headbutt          |     8 |    13 |    62 |   108 |   321 |   351 |   439 |   505 ||  1807
         Broad axe         |       |       |       |       |   540 |  1398 |  1358 |  1488 ||  4784
         Unarmed           |       |       |       |       |       |     7 |       |       ||     7
 Invoke: Call Merchant     |       |       |       |     1 |     1 |       |       |     1 ||     3
         Potion Petition   |       |       |       |     1 |       |     3 |       |     3 ||     7
         Bribe Branch      |       |       |       |       |       |       |       |     1 ||     1
    Use: Scroll            |     3 |     4 |     3 |    10 |    24 |     2 |     7 |     5 ||    58
         Potion            |       |       |     3 |     5 |    11 |     3 |     2 |       ||    24
   Stab: Distracted        |       |       |     2 |     2 |     5 |    16 |     8 |     8 ||    41
         Invisible         |       |       |       |       |     3 |       |     5 |       ||     8
 Armour: Scale mail        |    41 |    42 |    18 |       |       |       |       |       ||   101
         Crystal plate arm |       |       |    95 |   297 |   536 |   712 |   551 |   515 ||  2706
  Dodge: Dodged            |    47 |    32 |    47 |    98 |   175 |   218 |   193 |   225 ||  1035
  Block: Buckler           |    17 |    57 |   131 |   296 |   365 |       |       |       ||   866
         Reflection        |       |     2 |     1 |     3 |    42 |    35 |    86 |    66 ||   235
         Tower shield      |       |       |       |       |   245 |  1516 |  1360 |  1209 ||  4330
         Kite shield       |       |       |       |       |    91 |       |       |       ||    91
         Other             |       |       |       |       |       |     5 |       |       ||     5
Riposte: Broad axe         |       |       |       |       |       |       |       |   203 ||   203

Table legend: (Time is in decaauts)
 A = Elapsed time spent in this place.
 B = Non-inter-level travel time spent in this place.
 C = Inter-level travel time spent in this place.
 D = Time resting spent in this place.
 E = Time spent auto-exploring this place.
 F = Levels seen in this place.
 G = Mean time per level.
                   A        B        C        D        E       F      G
               +--------+--------+--------+--------+--------+-----+--------+
         Total |  54482 |  50803 |   3679 |   1198 |  38592 |  56 |  972.9 |
       Dungeon |  16303 |  14408 |   1895 |    508 |  11427 |  15 | 1086.9 |
          Lair |   8703 |   8182 |    521 |    402 |   6336 |   5 | 1740.6 |
         Swamp |   4129 |   4002 |    127 |    113 |   2864 |   4 | 1032.2 |
   Spider Nest |   4684 |   4508 |    176 |      0 |   3570 |   4 | 1171.0 |
    Slime Pits |   1868 |   1794 |     74 |     43 |   1062 |   5 |  373.6 |
  Orcish Mines |   1676 |   1492 |    184 |    100 |   1090 |   2 |  838.0 |
   Elven Halls |   3511 |   3234 |    277 |      0 |   2458 |   3 | 1170.3 |
        Vaults |   7356 |   7029 |    327 |     32 |   5369 |   5 | 1471.2 |
         Crypt |   2756 |   2662 |     94 |      0 |   2045 |   3 |  918.7 |
          Tomb |   1031 |   1031 |      0 |      0 |    846 |   1 | 1031.0 |
         Abyss |    808 |    808 |      0 |      0 |    401 |   6 |  134.7 |
        Bazaar |     93 |     93 |      0 |      0 |     77 |   1 |   93.0 |
        Wizlab |    595 |    595 |      0 |      0 |    385 |   1 |  595.0 |
      Gauntlet |    964 |    964 |      0 |      0 |    658 |   1 |  964.0 |
               +--------+--------+--------+--------+--------+-----+--------+

Top non-repeatable levels by time:
  Lair:1: 2126 daAuts
     D:8: 2082 daAuts
  Lair:4: 2070 daAuts
Spider:2: 1973 daAuts
Vaults:3: 1920 daAuts
  Lair:3: 1870 daAuts
     D:6: 1678 daAuts
    D:10: 1664 daAuts
  Lair:5: 1653 daAuts
Vaults:5: 1525 daAuts
Vaults:2: 1511 daAuts
   Elf:1: 1434 daAuts
Vaults:1: 1432 daAuts
    D:15: 1383 daAuts
     D:5: 1280 daAuts
